 Dungeon Crawl Stone Soup version 0.18.1-48-g4cf74bf (webtiles) character file.

13304 Gargoyl the Blocker (level 11, -3/86 HPs)
             Began as a Demonspawn Abyssal Knight on Aug 30, 2016.
             Was the Champion of Lugonu.
             Slain by a tarantella (12 damage)
             ... summoned by a deep elf mage
             ... on level 1 of the Elven Halls.
             The game lasted 00:29:06 (11317 turns).

Gargoyl the Blocker (Demonspawn Abyssal Knight)    Turns: 11317, Time: 00:29:07

Health: -3/86      AC: 35    Str: 16    XL:     11   Next: 73%
Magic:  14/14      EV:  7    Int: 15    God:    Lugonu [******]
Gold:   972        SH: 18    Dex: 13    Spells: 0 memorised, 10 levels left

rFire  + . .     SeeInvis .     h - +2 war axe (flame)
rCold  . . .     Gourm    .     A - +15 Maxwell's patent armour {-Cast -Tele rElec MR+ rCorr}
rNeg   . . .     Faith    .     p - +0 large shield
rPois  .         Spirit   .     (helmet restricted)
rElec  +         Dismiss  .     u - +2 cloak
rCorr  +         Reflect  +     y - +1 pair of gloves
SustAt .         Harm     .     (no boots)
MR     +....     NoTele   +     e - +3 amulet of reflection
Stlth  .......... NoCast   +    E - ring of flight
                                d - +4 ring of evasion

@: very slightly contaminated, hasted, heavily drained, very quick, somewhat
resistant to hostile enchantments, extremely unstealthy
A: horns 1, talons 2, yellow scales 1, clever 1, fire resistance 1, powered by
death 1, rot immunity, MP-powered wands
a: Depart the Abyss, Bend Space, Banish, Corrupt, Enter the Abyss, Brand Weapon
With Distortion, Renounce Religion, Evoke Flight


You were on level 1 of the Elven Halls.
You worshipped Lugonu.
Lugonu was exalted by your worship.
You were hungry.

You visited 3 branches of the dungeon, and saw 12 of its levels.
You visited the Abyss 1 time.

You collected 972 gold pieces.

Inventory:

Hand Weapons
 a - a +1 hand axe
 h - a +2 war axe of flaming (weapon)
 i - a +0 broad axe
Missiles
 n - 23 tomahawks
 K - 5 javelins (quivered)
Armour
 p - a +0 large shield (worn)
 u - a +2 cloak (worn)
 y - a +1 pair of gloves (worn)
 A - the +15 Maxwell's patent armour (worn) {-Cast -Tele rElec MR+ rCorr}
   (You found it on level 5 of the Dungeon)

   It insulates you from electricity.
   It affects your resistance to hostile enchantments.
   It prevents spellcasting.
   It prevents most forms of teleportation.
   It protects you from acid and corrosion.
 C - a +1 plate armour of cold resistance
 L - a +0 helmet
Jewellery
 d - a +4 ring of evasion (left hand)
 e - a +3 amulet of reflection (around neck)
 E - a ring of flight (right hand)
Wands
 o - a wand of lightning (14/15)
 B - a wand of disintegration (1/24)
 I - a wand of acid (8/15)
Scrolls
 b - a scroll of amnesia
 l - 2 scrolls of remove curse
 x - 3 scrolls of fear
 G - a scroll of magic mapping
 J - a scroll of identify
 M - a scroll of recharging
Potions
 f - 2 potions of agility
 k - a potion of cancellation
 r - a potion of lignification
 s - a potion of resistance
 t - 2 potions of brilliance
Books
 g - Vehumet's Compendium of Combat Magic
   (You found it on level 2 of the Dungeon)

   Spells                             Type                      Level
   a - Magic Dart                     Conjuration                  1
 w - the Reference Book on the Shifting Birds
   (You found it on level 4 of the Dungeon)

   Spells                             Type                      Level
   a - Beastly Appendage              Transmutation                1
   b - Repel Missiles                 Charms/Air                   2
   c - Swiftness                      Charms/Air                   2
   d - Summon Lightning Spire         Summoning/Air                4
 z - a book of Party Tricks

   Spells                             Type                      Level
   a - Summon Butterflies             Summoning                    1
   b - Apportation                    Translocation                1
   c - Tukima's Dance                 Hexes                        3
   d - Alistair's Intoxication        Transmutation/Poison         5
   e - Invisibility                   Hexes                        6
 F - a Necronomicon

   Spells                             Type                      Level
   a - Haunt                          Necromancy/Summoning         7
   b - Borgnjor's Revivification      Necromancy                   8
   c - Death's Door                   Charms/Necromancy            8
   d - Necromutation                  Transmutation/Necromancy     8
Comestibles
 c - 3 bread rations
 m - 4 meat rations
 q - 2 beef jerkies
 H - a slice of pizza
 N - 8 royal jellies


   Skills:
 + Level 7.9(6.5) Fighting
 + Level 8.3(6.8) Axes
 + Level 0.6(0.0) Throwing
 * Level 8.4(6.9) Armour
 + Level 4.9(3.6) Dodging
 + Level 1.0(0.0) Stealth
 + Level 9.9(8.3) Shields
 + Level 4.2(2.9) Invocations


You had 10 spell levels left.
You didn't know any spells.

Dungeon Overview and Level Annotations

Branches:
Dungeon (9/15)             Temple (0/1) D:4             Orc (2/2) D:9
    Elf (1/3) Orc:2
   Lair: D:8-11

Altars:
Cheibriados
Dithmenos
Elyvilon
Gozag
Kikubaaqudgha
Okawaru
Pakellas
Ru
Sif Muna
Trog
Vehumet
Xom
Yredelemnul
Zin
Beogh

Shops:
D:2 *   Orc:2 [%}:


Innate Abilities, Weirdness & Mutations

You have razor-sharp toenails.
You are partially covered in yellow scales (AC +2).
You regenerate a little health from kills.
You are immune to rotting.
You have a pair of small horns on your head.
Your mind is acute. (Int +2)
Your flesh is heat resistant.
You expend magic power (3 MP) to strengthen your wands.


Message History

The hell rat bites you but does no damage.
You hit the deep elf mage. You burn the deep elf mage.
You claw the deep elf mage, but do no damage.
The deep elf mage is severely wounded.
You hit the redback. You burn the redback.
The redback is lightly wounded.
You closely miss the red devil.
The red devil is moderately wounded.
You barely miss the air elemental.
The air elemental is severely damaged.
You hit the hell rat. You burn the hell rat.
The hell rat is moderately wounded.
Your shield and Maxwell's patent armour prevent you from hitting the tarantella.
You block the air elemental's attack. You block the tarantella's attack.
You block the air elemental's attack.
The deep elf mage hits you but does no damage.
You block the red devil's attack.
The hell rat bites you but does no damage.
The tarantella bites you!
You die...

#####
..#####se.#
......r@sr#
..#####E4r#
#####


You could see a deep elf mage, an air elemental, a red devil, a tarantella, a
redback and 3 hell rats.

Vanquished Creatures
  An orc warlord (D:9)
  The ghost of Gargoyl the Protected, a journeyman DsAK of Lugonu (Orc:2)
  2 orc high priests (Orc:1)
  The ghost of Banto the Poker, a novice DgWn (D:8)
  Pikel (D:7)
  An orc knight (Orc:1)
  An orc sorcerer (Orc:1)
  4 trolls
  Sigmund (D:4)
  2 wargs
  A soldier ant (D:8)
  An ice beast (D:8)
  2 black bears
  22 orc warriors
  A sky beast (D:9)
  A phantom (D:6)
  5 ogres
  2 necrophages
  2 centaurs
  Blork the orc (D:5)
  A big kobold (D:9)
  A giant frog (D:6)
  3 scorpions
  2 howler monkeys
  4 wights (D:4)
  A crimson imp (D:8)
  4 jellies
  A quasit (D:6)
  27 orc priests
  2 giant frog skeletons
  7 hounds
  25 orc wizards
  An iguana (D:5)
  6 worker ants
  A hound zombie (D:7)
  4 gnolls (D:3)
  A howler monkey skeleton (D:5)
  9 adders
  3 shadow imps
  7 oozes
  3 adder skeletons
  3 worms
  4 dart slugs
  8 giant geckos
  56 orcs
  3 ball pythons
  4 giant cockroaches
  13 goblins
  11 hobgoblins
  16 jackals
  A quokka (D:5)
  4 bats
  7 giant newts
  A jackal zombie (D:5)
  11 kobolds
  A quokka skeleton (D:9)
  9 rats
318 creatures vanquished.

Vanquished Creatures (others)
  An orc high priest (Orc:2)
  An orc sorcerer (Orc:2)
  A centaur (D:9)
  A crimson imp (D:6)
  An orc wizard (Orc:2)
  A giant gecko (D:7)
  3 orcs (D:7)
  A kobold (D:9)
10 creatures vanquished.

Grand Total: 328 creatures vanquished

Notes
Turn   | Place    | Note
--------------------------------------------------------------
     0 | Abyss:1  | Gargoyl the Demonspawn Abyssal Knight began the quest for the Orb.
     0 | Abyss:1  | Reached XP level 1. HP: 18/18 MP: 2/2
   115 | Abyss:1  | Noticed a wretched star
   116 | D:1      | Escaped the Abyss
   128 | D:1      | Reached * piety under Lugonu
   351 | D:1      | Reached skill level 1 in Dodging
   351 | D:1      | Gained mutation: You are immune to rotting. [demonic ancestry]
   351 | D:1      | Reached XP level 2. HP: 24/24 MP: 3/3
   902 | D:1      | Gained mutation: You are partially covered in yellow scales (AC +2). [demonic ancestry]
   902 | D:1      | Reached XP level 3. HP: 28/30 MP: 4/4
  1331 | D:2      | Reached ** piety under Lugonu
  1554 | D:2      | Found an ancient bone altar of Kikubaaqudgha.
  1560 | D:2      | Found a deep blue altar of Sif Muna.
  1561 | D:2      | Found a radiant altar of Vehumet.
  1580 | D:2      | Identified Vehumet's Compendium of Combat Magic
  1669 | D:2      | Found Zin's Purification Station.
  1674 | D:2      | Found a glowing silver altar of Zin.
  1915 | D:2      | Gained mutation: You regenerate a little health from kills. [demonic ancestry]
  1915 | D:2      | Reached XP level 4. HP: 26/37 MP: 6/6
  2051 | D:3      | HP: 1/37 [gnoll/halberd (13)]
  2383 | D:3      | Found a sacrificial altar of Ru.
  2812 | D:3      | Reached XP level 5. HP: 42/42 MP: 7/7
  2924 | D:3      | Found a shadowy altar of Dithmenos.
  2924 | D:3      | Found a shimmering altar of Xom.
  3111 | D:3      | Found an iron altar of Okawaru.
  3389 | D:4      | Reached skill level 1 in Shields
  3565 | D:4      | Noticed Sigmund
  3584 | D:4      | Killed Sigmund
  3584 | D:4      | Reached XP level 6. HP: 32/49 MP: 8/8
  3740 | D:4      | Reached skill level 2 in Shields
  3775 | D:4      | Found an oddly glowing altar of Pakellas.
  3848 | D:4      | Identified the Reference Book on the Shifting Birds
  3977 | D:4      | Reached *** piety under Lugonu
  3977 | D:4      | Reached XP level 7. HP: 55/55 MP: 9/9
  4288 | D:4      | Found a staircase to the Ecumenical Temple.
  4568 | D:4      | Reached skill level 3 in Shields
  4717 | D:5      | Entered Level 5 of the Dungeon
  4906 | D:5      | Found a bloodstained altar of Trog.
  5013 | D:5      | Reached skill level 5 in Fighting
  5097 | D:5      | Noticed Blork the orc
  5116 | D:5      | Killed Blork the orc
  5116 | D:5      | Gained mutation: You have sharp toenails. [demonic ancestry]
  5116 | D:5      | Reached XP level 8. HP: 39/62 MP: 10/10
  5874 | D:6      | Found a bloodstained altar of Trog.
  6074 | D:6      | Reached skill level 4 in Shields
  6097 | D:6      | Reached **** piety under Lugonu
  6128 | D:6      | Reached skill level 5 in Armour
  6427 | D:6      | Found an opulent altar of Gozag.
  6638 | D:7      | Noticed Pikel
  6655 | D:7      | Killed Pikel
  6655 | D:7      | Reached skill level 5 in Shields
  6655 | D:7      | Reached XP level 9. HP: 64/69 MP: 11/11
  6899 | D:7      | Found a white marble altar of Elyvilon.
  7293 | D:7      | Found a basalt altar of Yredelemnul.
  7746 | D:8      | Reached skill level 5 in Axes
  7749 | D:8      | Reached skill level 6 in Shields
  8083 | D:8      | Noticed Banto's ghost (novice DgWn)
  8136 | D:8      | Killed Banto's ghost
  8236 | D:8      | Found a snail-covered altar of Cheibriados.
  8666 | D:9      | Reached XP level 10. HP: 67/77 MP: 12/12
  8719 | D:9      | Gained mutation: Your mind is acute. (Int +2) [mutagenic meat]
  8720 | D:9      | Gained mutation: You expend magic power (3 MP) to strengthen your wands. [mutagenic meat]
  8721 | D:9      | Gained mutation: You have a pair of small horns on your head. [mutagenic meat]
  8722 | D:9      | Gained mutation: Your flesh is heat resistant. [mutagenic meat]
  8867 | D:9      | Reached ***** piety under Lugonu
  9039 | D:9      | Found a staircase to the Orcish Mines.
  9308 | Orc:1    | Entered Level 1 of the Orcish Mines
  9317 | Orc:1    | Noticed an orc warlord
  9320 | Orc:1    | Noticed an orc sorcerer
  9332 | D:9      | Reached skill level 1 in Stealth
  9332 | D:9      | Reached skill level 7 in Shields
  9415 | D:9      | Killed an orc warlord
  9587 | Orc:1    | Noticed a rust devil
  9603 | Orc:1    | Noticed a smoke demon
  9632 | Orc:1    | Noticed a rust devil
  9633 | Orc:1    | Killed an orc sorcerer
  9633 | Orc:1    | Reached skill level 8 in Shields
  9724 | Orc:2    | Entered Level 2 of the Orcish Mines
  9724 | Orc:2    | Noticed an orc knight
  9986 | Orc:1    | Killed an orc knight
 10063 | Orc:2    | Gained mutation: You have razor-sharp toenails. [demonic ancestry]
 10063 | Orc:2    | Reached XP level 11. HP: 73/84 MP: 13/13
 10114 | Orc:2    | Noticed Gargoyl's ghost (journeyman DsAK)
 10167 | Orc:2    | Killed Gargoyl's ghost
 10187 | Orc:2    | Found a roughly hewn altar of Beogh.
 10198 | Orc:2    | Found a staircase to the Elven Halls.
 10361 | Orc:2    | Noticed an orc high priest
 10368 | Orc:2    | Noticed an orc high priest
 10375 | Orc:2    | Noticed a soul eater
 10387 | Orc:1    | Killed an orc high priest
 10387 | Orc:1    | Reached skill level 9 in Shields
 10577 | Orc:1    | Noticed a sun demon
 10586 | Orc:1    | Killed an orc high priest
 10780 | Orc:2    | Reached ****** piety under Lugonu
 10896 | Orc:2    | Found Otadoc's Food Boutique.
 10905 | Orc:2    | Noticed an orc sorcerer
 10908 | Orc:2    | Paralysed by an orc sorcerer for 6 turns
 10925 | Orc:2    | Banished an orc sorcerer
 10934 | Orc:2    | Noticed an orc high priest
 10934 | Orc:2    | Found Meoheb's Armour Boutique.
 10934 | Orc:2    | Found Giraes's Gadget Shop.
 10944 | Orc:2    | Noticed a soul eater
 10953 | Orc:2    | Noticed a soul eater
 10955 | Orc:2    | Banished an orc high priest
 11124 | Orc:2    | Found Elyuggeh's Book Shop.
 11263 | Orc:2    | Noticed an orc high priest
 11267 | Orc:2    | Noticed a soul eater
 11304 | Elf:1    | Entered Level 1 of the Elven Halls
 11304 | Elf:1    | Noticed a deep elf mage
 11317 | Elf:1    | Slain by a tarantella

Skill      XL: |  1  2  3  4  5  6  7  8  9 10 11 |
---------------+----------------------------------+-----
Dodging        | 1 2 3 4 |  4.9
Armour         | 2 3 4 5 6 7 8 |  8.4
Axes           | 2 3 4 5 7 8 |  8.3
Fighting       | 4 5 6 7 |  7.9
Shields        | 1 2 3 5 6 8 9 |  9.9
Invocations    | 3 4 |  4.2
Stealth        | 1 |  1.0
Throwing       | |  0.6

Action                   |  1- 3 |  4- 6 |  7- 9 | 10-12 || total
-------------------------+-------+-------+-------+-------++-------
Melee: Hand axe          |   135 |   224 |   144 |       ||   503
       War axe           |       |       |   423 |   519 ||   942
       Kick              |       |       |    97 |   144 ||   241
       Headbutt          |       |       |       |   100 ||   100
Throw: Tomahawk          |       |       |     8 |       ||     8
Invok: Depart the Abyss  |     1 |       |       |       ||     1
       Banish            |       |       |     1 |     2 ||     3
       Bend Space        |       |       |     1 |     1 ||     2
  Use: Scroll            |     3 |       |     8 |     3 ||    14
       Potion            |       |       |     6 |    14 ||    20
 Stab: Sleeping          |       |     2 |       |       ||     2
  Eat: Chunk             |     4 |     7 |    14 |    10 ||    35
       Fruit             |       |       |     3 |       ||     3
       Royal jelly       |       |       |       |     2 ||     2
Armor: Leather armour    |     8 |    15 |       |       ||    23
       Ring mail         |    22 |    39 |       |       ||    61
       Chain mail        |       |    12 |    93 |       ||   105
       Plate armour      |       |       |   173 |   398 ||   571
Dodge: Dodged            |   111 |   113 |   107 |   152 ||   483
Block: Other             |    16 |     8 |       |       ||    24
       Large shield      |       |   158 |   483 |   711 ||  1352
       Reflection        |       |     1 |     6 |    29 ||    36
